 Dungeon Crawl Stone Soup version 0.31-a0-632-g766dd24fdf (webtiles) character file.

Game seed: 4768185065076173888

119 ytrimaz the Insei (level 4, -7/32 HPs)
             Began as a Demonspawn Shapeshifter on Aug 25, 2023.
             Mangled by an ogre
             ... wielding a +0 giant club
              (11 damage)
             ... on level 5 of the Dungeon.
             The game lasted 00:02:40 (1899 turns).

ytrimaz the Insei (Demonspawn Shapeshifter)         Turns: 1899, Time: 00:02:41

Health: -7/32      AC:  2    Str: 15    XL:     4   Next: 74%
Magic:  4/4        EV: 12    Int:  9    God:
Gold:   160        SH:  4    Dex: 16    Spells: 3/3 levels left

rFire   . .          .
                       - Unarmed
rCold   . . .        (no shield)
rNeg    . . .        a - +0 animal skin
rPois   .            (helmet currently unavailable)
rElec   .            (cloak currently unavailable)
rCorr   .            (gloves currently unavailable)
SInv    .            (boots currently unavailable)
Will    .....        (no amulet)
Stlth   +            (no ring)
HPRegen 0.25/turn    (no ring)
MPRegen 0.09/turn

%: no passive effects
@: beast-form
A: beast (slay +2), foul stench 1, condensation shield
a: Begin Untransformation


You were on level 5 of the Dungeon.
You were a hulking beast.
You visited 1 branch of the dungeon, and saw 4 of its levels.

You collected 160 gold pieces.


Innate Abilities, Weirdness & Mutations

You are a hulking beast.
Your limbs bulge with bestial killing power. (Slay +2)
You may rarely emit foul miasma when damaged in melee.
A meltable shield of frost defends you. (SH +4)


   Skills:
 - Level 1.0 Fighting
 - Level 1.7 Dodging
 + Level 4.0 Unarmed Combat
 + Level 3.8 Shapeshifting


You had 3 spell levels left.
You didn't know any spells.
Your spell library contained the following spells:

 Spells                   Type           Power      Damage    Failure   Level
 Summon Small Mammal      Summ           0%         N/A       38%         1
 Call Canine Familiar     Summ           0%         N/A       77%         3
 Summon Guardian Golem    Hex/Summ       0%         N/A       77%         3

Inventory:

Armour
 a - a +0 animal skin (worn)
Jewellery
 h - a +6 ring of strength
   (You found it on level 1 of the Dungeon)
 i - an amulet of regeneration
   (You found it on level 1 of the Dungeon)
 r - a ring of protection from fire
   (You found it on level 2 of the Dungeon)
Talismans
 c - a beast talisman (active)
 d - a flux talisman
Wands
 t - a wand of flame (20) (quivered)
   (You took it off Ijyb on level 3 of the Dungeon)
Scrolls
 b - a scroll of enchant armour {unknown}
 e - a scroll of teleportation
 k - 2 scrolls of brand weapon {unknown}
 l - 4 scrolls of immolation {unknown}
 m - a scroll of enchant weapon {unknown}
 n - 2 scrolls of identify {unknown}
 q - a scroll of summoning {unknown}
 s - a scroll of noise {unknown}
Potions
 f - 2 potions of curing {unknown}
 g - 2 potions of degeneration {unknown}
 j - a potion of heal wounds {unknown}
 o - 3 potions of brilliance {unknown}
 p - a potion of berserk rage {unknown}

Dungeon Overview and Level Annotations

Branches:
Dungeon (3/15) Zot: 22108

Altars:
Makhleb
Nemelex Xobeh
Vehumet

Shops:
D:1

* #### ###
##..#+#..##
#._.'.O...#
##.##h##
###.#.#
...#.....#
#...###.##.#
##.. .# ...
.. ### ###


You could see an ogre.


Message History

Unknown command.
You hit the hobgoblin but do no damage.
The hobgoblin hits you but does no damage.
You hit the hobgoblin.
You kill the hobgoblin!
No target in view!
Unknown command.
You now have 134 gold pieces (gained 10).
You now have 149 gold pieces (gained 15).
Found a stone staircase leading up.
You now have 157 gold pieces (gained 8).
Found a stone staircase leading down.
Found a stone staircase leading down.
No target in view!
There is a stone staircase leading down here.
Key pressed, stopping explore.
No target in view!
You now have 160 gold pieces (gained 3).
Key pressed, stopping explore.
No target in view!
There is a stone staircase leading down here.
n - 2 scrolls labelled FICLEOXK FIDDE (gained 1) Ijyb the Twisted Goblin comes into view.
She is wielding a +0 dagger and carrying a wand of flame.
Ijyb zaps a wand.
You block the puff of flame.
Ijyb zaps a wand.
You block the puff of flame.
Ijyb zaps a wand.
The puff of flame misses you.
You hit Ijyb. Ijyb misses you.
You hit Ijyb but do no damage.
Ijyb zaps a wand.
The puff of flame hits you!
Your condensation shield dissipates! 😮 HP[-10]
You take 10 damage, and now have 22/32 hp.
MASSIVE DAMAGE!! (PAUSE)
You are too injured to fight recklessly!
You hit Ijyb.
Ijyb hits you with a +0 dagger. 😮 HP[-5]
You take 5 damage, and now have 17/32 hp.
You punch Ijyb! Ijyb barely misses you.
You are too injured to fight recklessly!
You punch Ijyb!
Ijyb zaps a wand.
The puff of flame hits you!
* * * LOW HITPOINT WARNING * * *
😱 HP[-10]
You take 10 damage, and now have 7/32 hp.
MASSIVE DAMAGE!! (PAUSE)
You closely miss Ijyb. Ijyb hits you but does no damage.
You hit Ijyb.
You kill Ijyb!
Your Unarmed Combat skill increases to level 4! 😱 HP[+1] Unknown command.
Okay, then.
t - a wand of flame (22)
Things that are here:
a +0 dagger; a +0 leather armour Unknown command.
Your icy envelope is restored.
Key pressed, stopping explore.
Key pressed, stopping explore.
Unknown command. 😎 HP[+24]
Your hp is fully restored (32).
A sourceless malevolence fills the Dungeon...
You fall into a shaft and drop 2 floors!
The shaft crumbles and collapses.
Found a sparkling altar of Nemelex Xobeh.
There is a sparkling altar of Nemelex Xobeh here.
You open the door.
There is an open door here.
You open the door.
An ogre comes into view. It is wielding a +0 giant club.
The ogre shouts!
Unknown command.
Okay, then.
Unknown command.
Aiming: Throw Flame
Press: ? - help, Q - select action Shift-Dir - straight line, f - ogre
Aim: an ogre, wielding a +0 giant club (85% to hit)
The puff of flame hits the ogre.
You hit the ogre.
Unknown command.
You hit the ogre.
The ogre hits you with a +0 giant club!!
Ouch! That really hurt!
* * * LOW HITPOINT WARNING * * *
You hit the ogre. The ogre misses you. 😱 HP[-29]
You take 29 damage, and now have 3/32 hp.
MASSIVE DAMAGE!! (PAUSE)
Aiming: Throw Flame
Press: ? - help, Q - select action Shift-Dir - straight line, f/p - ogre
Aim: an ogre, wielding a +0 giant club (heavily wounded, 85% to hit)
The puff of flame hits the ogre.
You barely miss the ogre. The ogre hits you with a +0 giant club!
You die...

Skill      XL: |  1  2  3  4 |
---------------+-------------+-----
Unarmed Combat | 3 4 |  4.0
Shapeshifting  | 3 |  3.8
Fighting       | |  1.0
Dodging        | |  1.7

Action                     |  1- 3 |  4- 6 || total
---------------------------+-------+-------++-------
  Melee: Unarmed           |    90 |    41 ||   131
         Punch             |     4 |     1 ||     5
  Evoke: Wand              |       |     2 ||     2
    Use: Scroll            |     1 |       ||     1
         Potion            |     1 |       ||     1
   Stab: Sleeping          |     2 |     1 ||     3
 Armour: Animal skin       |    16 |     4 ||    20
         Skin              |     3 |       ||     3
  Dodge: Dodged            |    50 |    16 ||    66
  Block: Other             |    18 |     7 ||    25

Levels and vault maps discovered:
D:1:      heliophobic_arrival_dark_side_of_the_moon, layout_basic,
          ebering_ecumenical_altar_rust, serial_shops, nicolae_shop_statue_plus,
          minmay_tripent
D:2:      layout_basic, basic_altar
D:3:      layout_loops_ring, mainiacjoe_overflow_concentric_impassable,
          uniq_ijyb
D:5:      layout_loops_ring, nemelex_dance_club_becter, temple_fountains,
          nrook_mini_backslash, uniq_duvessa

Notes
Turn   | Place    | Note
-------+----------+-------------------------------------------
     0 | D:1      | ytrimaz the Demonspawn Shapeshifter began the quest for the
                  | Orb.
     0 | D:1      | Reached XP level 1. HP: 15/15 MP: 1/1
     0 | D:1      | magus.rc [v1.9.6]
   188 | D:1      | Reached skill level 3 in Unarmed Combat
   207 | D:1      | Gained mutation: A meltable shield of frost defends you.
                  | (SH +4) [demonic ancestry]
   207 | D:1      | Reached XP level 2. HP: 20/21 MP: 2/2
   249 | D:1      | Found Koaros's General Store.
   261 | D:1      | Reached skill level 3 in Shapeshifting
   276 | D:1      | You pick up a book of Callings and begin reading...
   276 | D:1      | You add the spells Summon Small Mammal, Call Canine
                  | Familiar and Summon Guardian Golem to your library.
   674 | D:1      | Found a faded altar of an unknown god.
   849 | D:2      | Gained mutation: You may rarely emit foul miasma when
                  | damaged in melee. [demonic ancestry]
   849 | D:2      | Reached XP level 3. HP: 26/26 MP: 3/3
   922 | D:2      | Found a radiant altar of Vehumet.
   952 | D:2      | Reached XP level 4. HP: 25/32 MP: 4/4
  1538 | D:3      | Found a burning altar of Makhleb.
  1772 | D:3      | Noticed Ijyb
  1781 | D:3      | HP: 7/32 [Ijyb/puff of flame (10)]
  1783 | D:3      | Killed Ijyb
  1784 | D:3      | Reached skill level 4 in Unarmed Combat
  1884 | D:3      | You fall into a shaft and drop 2 floors!
  1884 | D:5      | Entered Level 5 of the Dungeon
  1884 | D:5      | Found a sparkling altar of Nemelex Xobeh.
  1893 | D:5      | Noticed an ogre
  1896 | D:5      | HP: 3/32 [ogre/+0 giant club (29)]
  1899 | D:5      | Mangled by an ogre

Vanquished Creatures
  Ijyb (D:3)
  2 adders (D:2)
  3 gnolls (D:2)
  An orc (D:3)
  8 endoplasms
  3 giant cockroaches
  4 goblins
  5 hobgoblins
  3 jackals (D:1)
  2 quokkas (D:3)
  2 ball pythons
  3 bats
  2 frilled lizards
  A kobold (D:2)
  3 rats
43 creatures vanquished.

Table legend:
 A = Non-vault XP
 B = Vault XP
 C = Vault XP percentage of total XP
 D = Non-vault monster count
 E = Vault monster count
 F = Vault count percentage of total count
                 A         B        C        D         E       F
            +---------+---------+-------+---------+---------+-------
      Total |     131 |      40 |  23.4 |      40 |       3 |   7.0
            +---------+---------+-------+---------+---------+-------
        D:1 |      33 |       4 |  10.8 |      19 |       2 |   9.5
        D:2 |      81 |       0 |   0.0 |      12 |       0 |   0.0
        D:3 |      17 |      36 |  67.9 |       9 |       1 |  10.0
            +---------+---------+-------+---------+---------+-------

Skill      XL: |  1  2  3  4 |
---------------+-------------+-----
Unarmed Combat | 3 4 |  4.0
Shapeshifting  | 3 |  3.8
Fighting       | |  1.0
Dodging        | |  1.7

Action                     |  1- 3 |  4- 6 || total
---------------------------+-------+-------++-------
  Melee: Unarmed           |    90 |    41 ||   131
         Punch             |     4 |     1 ||     5
  Evoke: Wand              |       |     2 ||     2
    Use: Scroll            |     1 |       ||     1
         Potion            |     1 |       ||     1
   Stab: Sleeping          |     2 |     1 ||     3
 Armour: Animal skin       |    16 |     4 ||    20
         Skin              |     3 |       ||     3
  Dodge: Dodged            |    50 |    16 ||    66
  Block: Other             |    18 |     7 ||    25

Illustrated notes

Table legend:
 A = Kills in this place as a percentage of kills in the entire game.
 B = Kills by you in this place as a percentage of kills by you in the entire game.
 C = Kills by friends in this place as a percentage of kills by friends in the entire game.
 D = Other kills in this place as a percentage of other kills in the entire game.
 E = Experience gained in this place as a percentage of experience gained in the entire game.
 F = Experience gained in this place divided by the number of levels of this place that you have seen.
                   A       B       C       D       E      F
               +-------+-------+-------+-------+-------+----------------------
         Total | 100.0 | 100.0 |   N/A |   N/A | 100.0 |  42.8
       Dungeon | 100.0 | 100.0 |   N/A |   N/A | 100.0 |  42.8
               +-------+-------+-------+-------+-------+----------------------

Table legend: (Time is in decaauts)
 A = Elapsed time spent in this place.
 B = Non-inter-level travel time spent in this place.
 C = Inter-level travel time spent in this place.
 D = Time resting spent in this place.
 E = Time spent auto-exploring this place.
 F = Levels seen in this place.
 G = Mean time per level.
                   A        B        C        D        E       F      G
               +--------+--------+--------+--------+--------+-----+--------+
         Total |   1890 |   1800 |     90 |      0 |   1421 |   4 |  472.5 |
       Dungeon |   1890 |   1800 |     90 |      0 |   1421 |   4 |  472.5 |
               +--------+--------+--------+--------+--------+-----+--------+

Top non-repeatable levels by time:
     D:1: 753 daAuts
     D:2: 745 daAuts
     D:3: 377 daAuts
     D:5: 14 daAuts
